 Dungeon Crawl Stone Soup version 0.31.0-32-g396128a36d (webtiles) character file.

Game seed: 10535644328906271473

588 AdnanSaban the Cudgeller (level 7, -4/44 HPs)
             Began as a Gargoyle Fighter on Apr 14, 2024.
             Was an Initiate of Okawaru.
             Incinerated by a bombardier beetle (5 damage)
             ... with a burning spray
             ... on level 5 of the Dungeon.
             The game lasted 00:04:36 (4035 turns).

AdnanSaban the Cudgeller (Gargoyle Fighter)         Turns: 4035, Time: 00:04:36

Health: -4/44      AC: 18    Str: 22    XL:     7   Next: 38%
Magic:  8/8        EV:  6    Int:  8    God:    Okawaru [......]
Gold:   342        SH:  4    Dex:  9    Spells: 6/6 levels left

rFire   . . .        a - +0 flail
rCold   . . .        c - +0 buckler
rNeg    + . .        l - +0 plate armour
rPois   ∞            n - +0 helmet
rElec   +            (no cloak)
rCorr   .            (no gloves)
SInv    .            (no boots)
Will    .....        (no amulet) Stlth
                     (no ring)
HPRegen 0.27/turn    (no ring)
MPRegen 0.11/turn

%: no passive effects
@: on fire, glowing
A: sickness immunity, AC +4, negative energy resistance 1, electricity
resistance, torment resistance 1, petrification resistance
a: Renounce Religion


You were on level 5 of the Dungeon.
You worshipped Okawaru.
Okawaru was noncommittal.
You visited 2 branches of the dungeon, and saw 6 of its levels.

You collected 342 gold pieces.

Inventory:

Hand Weapons
 a - a +0 flail (weapon)
Missiles
 f - 2 darts of dispersal
 h - 7 poisoned darts (quivered)
Armour
 c - a +0 buckler (worn)
 l - a +0 plate armour (worn)
 n - a +0 helmet (worn)
Wands
 y - a wand of digging (5)
Scrolls
 b - 4 scrolls of blinking {unknown}
 i - 3 scrolls of torment {unknown}
 j - a scroll of brand weapon {unknown}
 k - 2 scrolls of noise {unknown}
 m - 2 scrolls of enchant armour {unknown}
 p - a scroll of revelation {unknown}
 q - 2 scrolls of fog {unknown}
 r - 2 scrolls of teleportation {unknown}
 s - 5 scrolls of identify {unknown}
 t - a scroll of butterflies {unknown}
 v - a scroll of vulnerability {unknown}
Potions
 d - 3 potions of might
 e - 5 potions of curing {unknown}
 g - 2 potions of brilliance {unknown}
 o - a potion of degeneration {unknown}
 u - a potion of cancellation {unknown}
 w - 2 potions of heal wounds {unknown}
 x - a potion of haste {unknown}
 z - a potion of invisibility {unknown}


   Skills:
 + Level 4.6 Fighting
 + Level 5.3 Maces & Flails
 + Level 0.4 Throwing
 + Level 4.7 Armour
 + Level 0.2 Dodging
 + Level 4.5 Shields
 * Level 2.0 Invocations


You had 6 spell levels left.
You didn't know any spells.
Your spell library contained the following spells:

 Spells                   Type           Power      Damage    Failure   Level
 Iskenderun's Battlesphe  Conj           0%         2d6       100%        5
 Bombard                  Conj/Erth      0%         9d1       100%        6
 Spellforged Servitor     Conj/Summ      Unusable   N/A       N/A         7

Dungeon Overview and Level Annotations

Branches:
Dungeon (5/15)             Temple (1/1) D:4

Altars:
Ashenzari
Dithmenos
Fedhas
Kikubaaqudgha
Makhleb
Nemelex Xobeh
Okawaru
Ru
Trog
Uskayaw
Xom
Zin
The Shining One


Innate Abilities, Weirdness & Mutations

You are immune to sickness and miasma.
Your stone body is resilient. (AC +4)
You are immune to poison.
You resist negative energy. (rN+)
You are resistant to electric shocks. (rElec)
You are resistant to unholy torment.
You are immune to petrification.


Message History

You are too injured to fight recklessly!
You are too injured to fight recklessly!
You are too injured to fight recklessly!
You are too injured to fight recklessly!
You are too injured to fight recklessly!
You are too injured to fight recklessly!
You are too injured to fight recklessly!
You are too injured to fight recklessly!
You are too injured to fight recklessly!
You are too injured to fight recklessly!
You are too injured to fight recklessly!
You are too injured to fight recklessly!
You are too injured to fight recklessly!
You are too injured to fight recklessly!
You are too injured to fight recklessly!
You hit the bombardier beetle.
The bombardier beetle is almost dead.
The liquid fire burns you!
You sock the bombardier beetle!
You kill the bombardier beetle!
Okawaru accepts your kill. The liquid fire burns you!
* * * LOW HITPOINT WARNING * * *
Your Invocations skill increases to level 2!
You shake off some of the fire as you move.
The liquid fire burns you!
* * * LOW HITPOINT WARNING * * *
You see here a bombardier beetle corpse.
You shake off some of the fire as you move.
The liquid fire burns you!
* * * LOW HITPOINT WARNING * * *
You shake off some of the fire as you move.
The liquid fire burns you!
* * * LOW HITPOINT WARNING * * *
You shake off some of the fire as you move.
The liquid fire burns you!
* * * LOW HITPOINT WARNING * * *
You shake off some of the fire as you move.
The liquid fire burns you!
You die...

.≈...........#.#...8...8..
≈.#.##.##...#.......8....
.≈......##...####.........
.≈$#.........###.######...
≈≈....##......##..#..#....
.......#..#...............
#†......#.......##..
#.......#.......#..†
##.@.#........#.....
#...##............#
##.?.#.#....##.####
#.....###.....#
#..............
...........#...#
##.......####### #######


There were no monsters in sight!

Vanquished Creatures
  A black bear (D:4)
  A scorpion (D:4)
  A bombardier beetle (D:5)
  An orc priest (D:5)
  A gnoll bouda (D:4)
  A jelly (D:3)
  2 iguanas (D:5)
  An orc wizard (D:5)
  10 gnolls
  5 adders
  3 dart slugs
  12 orcs
  6 endoplasms
  2 giant cockroaches (D:3)
  9 goblins
  6 hobgoblins
  8 jackals
  5 kobolds
  4 quokkas
  5 ball pythons
  3 bats
  2 frilled lizards
  5 rats
94 creatures vanquished.

Notes
Turn   | Place    | Note
-------+----------+-------------------------------------------
     0 | D:1      | AdnanSaban the Gargoyle Fighter began the quest for the
                  | Orb.
     0 | D:1      | Reached XP level 1. HP: 14/14 MP: 1/1
   140 | D:1      | Reached XP level 2. HP: 19/19 MP: 2/2
   466 | D:1      | Reached XP level 3. HP: 21/23 MP: 3/3
  1031 | D:2      | Reached XP level 4. HP: 29/29 MP: 4/4
  1448 | D:3      | Reached skill level 3 in Maces & Flails
  1837 | D:2      | Reached XP level 5. HP: 29/33 MP: 5/5
  1915 | D:3      | Reached skill level 4 in Maces & Flails
  2123 | D:3      | Found a sacrificial altar of Ru.
  2499 | D:4      | Found a staircase to the Ecumenical Temple.
  2537 | Temple   | Entered the Ecumenical Temple
  2554 | Temple   | Became a worshipper of Warmaster Okawaru
  3159 | D:4      | Reached XP level 6. HP: 28/38 MP: 6/6
  3284 | D:5      | Entered Level 5 of the Dungeon
  3316 | D:4      | Reached skill level 5 in Maces & Flails
  3316 | D:4      | Reached skill level 1 in Invocations
  3502 | D:5      | Noticed a black bear
  3583 | D:4      | Killed a black bear
  3584 | D:4      | Reached XP level 7. HP: 27/43 MP: 6/8
  4002 | D:5      | Found a hide-covered altar of Uskayaw.
  4034 | D:5      | HP: 1/44 [burnt (3)]
  4035 | D:5      | Incinerated by a bombardier beetle

Illustrated notes

Levels and vault maps discovered:
D:1:      heliophobic_arrival_dark_side_of_the_moon, layout_loops_ring
D:2:      layout_loops_cross
D:3:      layout_loops_corners, nicolae_ru_the_path_less_chosen
D:4:      layout_basic, minmay_temple_entry_grid, abandoned_shop
D:5:      minmay_angry_zag, layout_cave_pools, nicolae_uskayaw_dance_hall,
          mainiacjoe_overflow_catwalk_spiral, uniq_ijyb, uniq_eustachio
Temple:   jpeg_temple_clearing

Skill      XL: |  1  2  3  4  5  6  7 |
---------------+----------------------+-----
Maces & Flails | 3 4 5 |  5.3
Armour         | 4 |  4.7
Shields        | 4 |  4.5
Fighting       | 4 |  4.6
Invocations    | 1 2 |  2.0
Throwing       | |  0.4
Dodging        | |  0.2

Action                     |  1- 3 |  4- 6 |  7- 9 || total
---------------------------+-------+-------+-------++-------
  Melee: Flail             |   121 |   179 |    57 ||   357
  Throw: Dart              |       |     8 |     3 ||    11
 Armour: Scale mail        |    51 |       |       ||    51
         Plate armour      |    23 |   238 |    71 ||   332
  Dodge: Dodged            |    49 |    87 |    12 ||   148
  Block: Buckler           |    27 |    48 |     9 ||    84
